 Dungeon Crawl Stone Soup version 0.25-a0-160-gd1d2e81aba (webtiles) character file.

Game seed: 4097969792096677827, levelgen mode: deterministic

1460 RedPan the Magician (level 8, -9/57 HPs)
             Began as a Red Draconian Ice Elementalist on Nov 21, 2019.
             Mangled by an orc warrior
             ... wielding a +1 antimagic battleaxe
              (21 damage)
             ... on level 6 of the Dungeon.
             The game lasted 00:18:43 (6321 turns).

RedPan the Magician (DrIE)                          Turns: 6321, Time: 00:18:43

Health: -9/57      AC: 10    Str: 17    XL:     8   Next: 48%
Magic:  6/26       EV: 12    Int: 18    God:
Gold:   356        SH:  0    Dex: 15    Spells: 12/20 levels left

rFire    + . .     SeeInvis .   r - +8 war axe of the Penguin {pain, rC+ Str+3 Dex+4}
rCold    + . .     Gourm    .   (no shield)
rNeg     . . .     Faith    .   (armour unavailable)
rPois    .         Spirit   .   D - +0 hat
rElec    .         Reflect  .   m - +0 cloak
rCorr    .         Harm     .   o - +1 pair of gloves
MR       .....                  w - +0 pair of boots
Stlth    ++........             u - amulet of regeneration
HPRegen  0.59/turn              f - ring of magical power
MPRegen  0.20/turn              l - +3 ring of strength

@: very slightly contaminated, drained
A: breathe fire, unfitting armour, fire resistance 1, cold-blooded, AC +6
a: Breathe Fire


You were on level 6 of the Dungeon.
You were near starving.

You visited 1 branch of the dungeon, and saw 7 of its levels.

You collected 356 gold pieces.

Inventory:

Hand Weapons
 p - a +0 vampiric scythe
 r - the +8 war axe of the Penguin (weapon) {pain, rC+ Str+3 Dex+4}
   (You found it on level 4 of the Dungeon)

   In the hands of one skilled in necromantic magic, it inflicts extra damage on
   living creatures.
   It affects your strength (+3).
   It affects your dexterity (+4).
   It protects you from cold.
 y - a +0 trident
 B - the +9 battleaxe of Due Proportion {protect, rF+ rN+}
   (You found it on level 6 of the Dungeon)

   It grants its wielder temporary protection when it strikes (+7 to AC).
   It protects you from fire.
   It protects you from negative energy.
Missiles
 d - 253 stones (quivered)
Armour
 m - a +0 cloak (worn)
 o - a +1 pair of gloves (worn)
 w - a +0 pair of boots (worn)
 D - a +0 hat (worn)
Jewellery
 f - a ring of magical power (left hand)
 l - a +3 ring of strength (right hand)
 u - an amulet of regeneration (around neck)
 G - an uncursed ring of protection from cold {unknown}
Wands
 k - a wand of random effects (14)
 s - a wand of enslavement (6)
Scrolls
 c - 4 scrolls of remove curse
 e - a scroll of magic mapping
 j - a scroll of fear
 q - 3 scrolls of teleportation
 t - a scroll of amnesia
 C - 2 scrolls of enchant armour
 E - a scroll of enchant weapon
Potions
 a - a potion of might
 g - 3 potions of ambrosia
 h - a potion of flight
 i - 5 potions of curing
 n - a potion of haste
 v - 4 potions of heal wounds
 x - 2 potions of degeneration {unknown}
 z - a potion of magic {unknown}
 A - 2 potions of mutation
 F - a potion of lignification {unknown}
Comestibles
 b - 16 rations


   Skills:
 - Level 1.7(1.1) Dodging
 - Level 1.7(1.1) Stealth
 + Level 6.6(5.9) Spellcasting
   Level 1.0(0.3) Conjurations
 + Level 5.8(5.1) Summonings
 - Level 5.0(4.2) Ice Magic


You had 12 spell levels left.
You knew the following spells:

 Your Spells              Type           Power        Failure   Level  Hunger
a - Freeze                Ice            ###.         1%          1    None
b - Summon Ice Beast      Ice/Summ       ###.....     17%         4    ####...
c - Ozocubu's Armour      Chrm/Ice       ##......     16%         3    ##.....

Your spell library contained the following spells:

 Spells                   Type           Power        Failure   Level  Hunger
 Summon Small Mammal      Summ           ###.         1%          1    None
 Throw Frost              Conj/Ice       ##....       7%          2    None
 Ensorcelled Hibernation  Hex/Ice        ##....       8%          2    None
 Animate Skeleton         Necr           N/A          12%         1    None
 Apportation              Tloc           #.....       12%         1    None
 Confusing Touch          Hex            #.....       12%         1    None
 Corona                   Hex            #......      12%         1    None
 Dazzling Spray           Conj/Hex       #.....       34%         3    ##.....
 Confuse                  Hex            #.......     36%         3    ##.....
 Gell's Gravitas          Tloc           #.........   36%         3    ##.....
 Tukima's Dance           Hex            #.......     36%         3    ##.....
 Throw Icicle             Conj/Ice       ##......     43%         4    ####...
 Petrify                  Tmut/Erth      #.......     77%         4    ####...
 Metabolic Englaciation   Hex/Ice        ##........   80%         5    #####..
 Yara's Violent Unravell  Hex/Tmut       #.........   98%         5    #####..


Dungeon Overview and Level Annotations

Branches:
Dungeon (7/15)
 Temple: D:4-7

Altars:
Dithmenos
Kikubaaqudgha
Makhleb
Okawaru
Trog
Vehumet
Xom
Zin

Annotations:
D:4 3 runed translucent doors, EpicUbivator's ghost, amateur MiFi; Linguinho's ghost, amateur TrFi; an12's ghost, amateur GrGl; astraldaughter's ghost, novice OgWz


Innate Abilities, Weirdness & Mutations

You can breathe blasts of fire.
Your fiery red scales are hard. (AC +6)
You cannot fit into any form of body armour.
Your flesh is heat resistant. (rF+)
You are cold-blooded and may be slowed by cold attacks.


Message History

The wight hits you with a +2 flail of freezing.
The wight freezes you.
Your ice beast hits the orc warrior but does no damage.
You barely miss the orc warrior.
The orc warrior is heavily wounded.
You closely miss the wight.
The orc warrior hits you but does no damage.
The orc warrior barely misses your ice beast.
The orc warrior hits your ice beast with a +1 antimagic battleaxe.
Your ice beast hits the orc warrior but does no damage.
The wight hits you with a +2 flail of freezing!
* * * LOW HITPOINT WARNING * * *
The wight freezes you.
* * * LOW HITPOINT WARNING * * *
Your ice beast hits the orc warrior but does no damage.
You closely miss the orc warrior.
Your tail-slap misses the orc warrior.
The orc warrior is heavily wounded.
You hit the wight.
The orc warrior hits you with a +1 antimagic battleaxe!!
You die...

############## #............#
#.##########.# #5# #.# #z# ####
####### #@# ##_##
#.....##########o## ####...####
#.....)........YlY# ##.........##
......##########..###..##...##..#
#.....#######.##..#_..###_._###..
.............#.#..###..#######..#
##.##.#####.###...# ##.........##
...........## ##..########)#####.
......#####.###.......#..#'# #.


You could see an orc warrior, a wight, a shadow imp, a leopard gecko and 2
friendly ice beasts.

Vanquished Creatures
  Sigmund (D:3)
  An ice beast (D:6)
  A sky beast (D:6)
  2 ogres
  2 scorpions (D:6)
  3 wights (D:6)
  Crazy Yiuf (D:2)
  A bullfrog skeleton (D:6)
  2 jellies (D:6)
  Ijyb (D:3)
  Natasha (thrice) (D:2)
  2 worker ants
  7 adders
  4 gnolls (D:6)
  2 shadow imps (D:6)
  2 oozes
  A worm (D:6)
  5 dart slugs
  3 leopard geckos
  3 orcs
  5 giant cockroaches
  4 goblins
  9 hobgoblins
  6 jackals
  6 bats
  3 frilled lizards
  9 kobolds
  A quokka skeleton (D:5)
  6 rats
96 creatures vanquished.

Vanquished Creatures (collateral kills)
  Grinder (D:6)
  An orc warrior (D:6)
  An ogre (D:6)
  2 wights (D:6)
  3 orcs (D:6)
8 creatures vanquished.

Grand Total: 104 creatures vanquished

Notes
Turn   | Place    | Note
-------+----------+-------------------------------------------
     0 | D:1      | RedPan the Draconian Ice Elementalist began the quest for
                  | the Orb.
     0 | D:1      | Reached XP level 1. HP: 14/14 MP: 3/3
   327 | D:1      | Reached XP level 2. HP: 17/20 MP: 1/5
  1055 | D:1      | Reached XP level 3. HP: 26/26 MP: 4/7
  1352 | D:2      | Found an iron altar of Okawaru.
  1470 | D:2      | Reached skill level 3 in Spellcasting
  1763 | D:2      | Noticed Natasha
  1768 | D:2      | Killed Natasha
  1768 | D:2      | Reached XP level 4. HP: 33/33 MP: 3/8
  1902 | D:2      | Noticed Natasha
  1906 | D:2      | Killed Natasha
  1999 | D:2      | Found an ancient bone altar of Kikubaaqudgha.
  2101 | D:2      | Found a runed translucent door.
  2102 | D:2      | Noticed Crazy Yiuf
  2174 | D:2      | Noticed Natasha
  2181 | D:2      | Killed Natasha
  2181 | D:2      | Reached XP level 5. HP: 38/38 MP: 5/10
  2670 | D:2      | Learned a level 4 spell: Summon Ice Beast
  2674 | D:2      | Learned a level 3 spell: Ozocubu's Armour
  2680 | D:2      | Killed Crazy Yiuf
  2940 | D:3      | Noticed Ijyb
  2963 | D:3      | Killed Ijyb
  2963 | D:3      | Reached skill level 4 in Spellcasting
  2963 | D:3      | Reached skill level 1 in Summonings
  3100 | D:3      | Noticed Sigmund
  3112 | D:3      | Killed Sigmund
  3112 | D:3      | Reached skill level 5 in Ice Magic
  3112 | D:3      | Reached XP level 6. HP: 28/45 MP: 11/12
  3669 | D:4      | Found a runed translucent gate.
  3669 | D:4      | Found a runed translucent gate.
  3669 | D:4      | Found a runed translucent gate.
  3669 | D:4      | Noticed astraldaughter's ghost (novice OgWz)
  3674 | D:4      | Got a faintly glowing war axe
  3675 | D:4      | Identified the +8 war axe of the Penguin {pain, rC+ Str+3
                  | Dex+4} (You found it on level 4 of the Dungeon)
  3683 | D:4      | Noticed an12's ghost (amateur GrGl)
  3683 | D:4      | Noticed Linguinho's ghost (amateur TrFi)
  3683 | D:4      | Noticed EpicUbivator's ghost (amateur MiFi)
  3730 | D:4      | Found a bloodstained altar of Trog.
  4239 | D:5      | Entered Level 5 of the Dungeon
  4459 | D:5      | Your scales start taking on a fiery red colour.
  4459 | D:5      | Reached XP level 7. HP: 48/50 MP: 14/14
  4459 | D:5      | Gained mutation: Your flesh is heat resistant. (rF+) [Red
                  | Draconian growth]
  5160 | D:6      | Reached skill level 5 in Spellcasting
  5179 | D:6      | Reached skill level 5 in Ice Magic
  5228 | D:6      | Got a steaming battleaxe
  5229 | D:6      | Identified the +9 battleaxe of Due Proportion {protect, rF+
                  | rN+} (You found it on level 6 of the Dungeon)
  5546 | D:6      | Found a faded altar of an unknown god.
  5546 | D:6      | Found a shadowy altar of Dithmenos.
  5551 | D:6      | Found a glowing silver altar of Zin.
  5553 | D:6      | Found a radiant altar of Vehumet.
  5555 | D:6      | Found a burning altar of Makhleb.
  5606 | D:6      | Noticed Grinder
  5762 | D:6      | Reached XP level 8. HP: 57/57 MP: 16/16
  5956 | D:6      | Reached skill level 6 in Spellcasting
  6036 | D:6      | Reached skill level 5 in Summonings
  6080 | D:6      | Killed Grinder
  6246 | D:7      | Found a shimmering altar of Xom.
  6321 | D:6      | Mangled by an orc warrior

Levels and vault maps discovered:
D:1:      minmay_arrival_shattered_statue, layout_basic, st_stairs_4
D:2:      layout_basic, okawaru_gym_becter, kiku_gazebo_garden_becter,
          serial_bayou_pond_e, uniq_natasha, uniq_crazy_yiuf_cottage
D:3:      layout_loops_ring, uniq_ijyb, uniq_sigmund
D:4:      layout_basic, first_ration, gammafunk_ghost_cemetery,
          trog_three_pillars_becter
D:5:      layout_cave_pods
D:6:      layout_loops_ring, chequers_temple_overflow_minitemple, corexii_shack,
          uniq_grinder
D:7:      layout_basic, lemuel_round_altar, xom_teletrap_fun,
          minmay_temple_entry_mini_moons, grunt_ogre_cave

Skill      XL: |  1  2  3  4  5  6  7  8 |
---------------+-------------------------+-----
Spellcasting   | 3 4 5 6 |  6.6
Ice Magic      | 4 5 4 5 |  5.0
Summonings     | 2 4 5 |  5.8
Dodging        | |  1.7
Stealth        | |  1.7
Conjurations   | |  1.0

Action                   |  1- 3 |  4- 6 |  7- 9 || total
-------------------------+-------+-------+-------++-------
Melee: Dagger            |    28 |       |       ||    28
       Tailslap          |     3 |     1 |    14 ||    18
       Unarmed           |     1 |       |       ||     1
       Whip              |     5 |     4 |       ||     9
       Quarterstaff      |       |    13 |       ||    13
       War axe           |       |    12 |    85 ||    97
 Cast: Freeze            |    47 |    53 |    10 ||   110
       Ozocubu's Armour  |       |     3 |       ||     3
       Summon Ice Beast  |       |     1 |    19 ||    20
  Use: Scroll            |    11 |     5 |     2 ||    18
 Stab: Sleeping          |     4 |     2 |     1 ||     7
  Eat: Chunk             |     3 |     5 |     8 ||    16
       Ration            |       |     1 |       ||     1
Armor: Skin              |    13 |    32 |    58 ||   103
Dodge: Dodged            |    41 |    51 |    58 ||   150

Table legend:
 A = Non-vault XP
 B = Vault XP
 C = Vault XP percentage of total XP
 D = Non-vault monster count
 E = Vault monster count
 F = Vault count percentage of total count
                 A         B        C        D         E       F
            +---------+---------+-------+---------+---------+-------
      Total |    1494 |     593 |  28.4 |      96 |       8 |   7.7
            +---------+---------+-------+---------+---------+-------
        D:1 |      45 |       5 |  10.0 |      25 |       2 |   7.4
        D:2 |     131 |      77 |  37.0 |      14 |       2 |  12.5
        D:3 |      59 |     274 |  82.3 |      19 |       2 |   9.5
        D:4 |      34 |       0 |   0.0 |       2 |       0 |   0.0
        D:5 |     119 |       0 |   0.0 |       7 |       0 |   0.0
        D:6 |    1106 |     237 |  17.6 |      29 |       2 |   6.5
            +---------+---------+-------+---------+---------+-------
